 Dungeon Crawl Stone Soup version 0.24-a0-524-gf43b32f898 (webtiles) character file.

Game seed: 7966087241272177260

190 RedPan the Changer (level 5, -5/40 HPs)
             Began as a Draconian Transmuter on July 31, 2019.
             Slain by a bullfrog skeleton (6 damage)
             ... on level 4 of the Dungeon.
             The game lasted 00:09:40 (4360 turns).

RedPan the Changer (Draconian Transmuter)           Turns: 4360, Time: 00:09:40

Health: -5/40      AC:  2    Str: 17    XL:     5   Next: 41%
Magic:  7/8        EV: 19    Int: 14    God:
Gold:   177        SH:  0    Dex: 17    Spells: 2/8 levels left

rFire    . . .     SeeInvis .     - Unarmed
rCold    . . .     Gourm    .   (shield currently unavailable)
rNeg     . . .     Faith    .   (armour unavailable)
rPois    .         Spirit   .   (helmet currently unavailable)
rElec    .         Reflect  .   (cloak currently unavailable)
rCorr    .         Harm     .   (gloves currently unavailable)
MR       .....                  (boots currently unavailable)
Stlth    ++........             (no amulet)
HPRegen  0.13/turn              o - +5 ring of strength
MPRegen  0.11/turn              b - ring of poison resistance

@: spider-form (expiring)
A: tiny, unfitting armour, AC +5
a: End Transformation


You were on level 4 of the Dungeon.
You were hungry.
You were a venomous arachnid creature.
You visited 2 branches of the dungeon, and saw 5 of its levels.

You collected 177 gold pieces.

Inventory:

Missiles
 a - 52 arrows
Jewellery
 b - a ring of poison resistance (right front leg)
 e - a +5 ring of dexterity {unknown}
 o - a +5 ring of strength (left front leg)
Scrolls
 j - a scroll of teleportation
 m - a scroll of blinking {unknown}
Potions
 d - a potion of cancellation
 f - 2 potions of mutation
 g - 2 potions of ambrosia
 i - a potion of haste
 k - a potion of lignification
 l - 2 potions of brilliance
 n - a potion of curing
Comestibles
 c - 10 rations


   Skills:
 - Level 1.1 Fighting
 - Level 1.7 Dodging
 - Level 3.0 Unarmed Combat
 - Level 2.0 Spellcasting
 + Level 4.7 Transmutations
 + Level 2.8 Poison Magic


You had 2 spell levels left.
You knew the following spells:

 Your Spells              Type           Power        Failure   Level  Hunger
a - Beastly Appendage     Tmut           ##....       11%         1    ##.....
b - Sticks to Snakes      Tmut           ##......     14%         2    ###....
c - Spider Form           Tmut/Pois      ##........   32%         3    ####...

Your spell library contained the following spells:

 Spells                   Type           Power        Failure   Level  Hunger
 Ice Form                 Ice/Tmut       #.......     83%         4    #####..
 Blade Hands              Tmut           ##........   85%         5    ######.


Dungeon Overview and Level Annotations

Branches:
Dungeon (4/15)             Temple (1/1) D:4

Altars:
Ashenzari
Cheibriados
Dithmenos
Elyvilon
Fedhas
Hepliaklqana
Qazlal
Sif Muna
Wu Jian
Xom
Zin
The Shining One


Innate Abilities, Weirdness & Mutations

((Your plain brown scales are hard. (AC +5)))
You cannot fit into any form of body armour.
((You are cold-blooded and may be slowed by cold attacks.))


Message History

You are feeling hungry.
Things that are here:
a +0 spear; a gnoll corpse The bullfrog skeleton barely misses you.
You bite the bullfrog skeleton!
The bullfrog skeleton is moderately damaged.
The bullfrog skeleton hits you.
* * * LOW HITPOINT WARNING * * *
You bite the bullfrog skeleton!
The bullfrog skeleton is heavily damaged.
The bullfrog skeleton hits you.
* * * LOW HITPOINT WARNING * * *
You bite the bullfrog skeleton!
The bullfrog skeleton is severely damaged.
The bullfrog skeleton hits you.
* * * LOW HITPOINT WARNING * * *
You hit the bullfrog skeleton.
The bullfrog skeleton is almost destroyed.
The bullfrog skeleton hits you.
You die...

P.#.....#
#.#.#.#.......#.##.#.#.
..#.....#
#.#.#.#.#######.##.#.#.
..#.....#
#.#..................#.
..#.....#
#.#<..#.#######.##.####
..#.#####
#.##..#.#######........ ..#.#
#.....#............#### ..#.#
#####.#...############# ..#.#
####)#...# #...... ..#.#
#....s...# #...### #.#.#
#....Z..## #...#
#.#+########.......# #...#
#.........#####'##.########...#
#.........# ...##............#
#.........#.....##.#....####..#
#.........#.....##.#....# #..#
#.....#########.##.#....# #..#
#.....# #.##.#....# #..###


You could see a bullfrog skeleton.

Vanquished Creatures
  A howler monkey skeleton (D:4)
  4 gnolls (D:4)
  3 adders
  2 oozes
  A worm (D:3)
  3 dart slugs
  5 leopard geckos
  3 orcs (D:3)
  2 ball pythons (D:1)
  6 bats
  7 giant cockroaches
  9 goblins
  11 hobgoblins
  7 jackals
  5 kobolds
  2 quokkas
  2 frilled lizards
  2 quokka skeletons (D:4)
  13 rats
88 creatures vanquished.

Notes
Turn   | Place    | Note
-------+----------+-------------------------------------------
     0 | D:1      | RedPan the Draconian Transmuter began the quest for the
                  | Orb.
     0 | D:1      | Reached XP level 1. HP: 16/16 MP: 3/3
    35 | D:1      | Reached XP level 2. HP: 5/23 MP: 3/5
   315 | D:1      | Reached skill level 3 in Transmutations
   897 | D:1      | Reached XP level 3. HP: 28/28 MP: 6/6
   901 | D:1      | Learned a level 2 spell: Sticks to Snakes
   905 | D:1      | Learned a level 3 spell: Spider Form
  1999 | D:2      | Reached skill level 1 in Poison Magic
  2390 | D:2      | Reached skill level 4 in Transmutations
  2390 | D:2      | Reached XP level 4. HP: 26/35 MP: 5/7
  3313 | D:3      | Found a hazy altar of Hepliaklqana.
  3567 | D:4      | Reached XP level 5. HP: 38/40 MP: 5/8
  3781 | D:4      | Found a staircase to the Ecumenical Temple.
  3810 | Temple   | Entered the Ecumenical Temple
  4260 | D:4      | Found a shattered altar of Ashenzari.
  4359 | D:4      | HP: 1/40 [bullfrog skeleton (4)]
  4360 | D:4      | Slain by a bullfrog skeleton

Levels and vault maps discovered:
D:1:      beargit_arrival_greenhouse, layout_rooms, serial_bayou_ford_a
D:2:      layout_basic, first_ration
D:3:      layout_basic, lemuel_doored_altar, serial_bayou, serial_bayou_shore_b,
          serial_bayou_pond_d, serial_bayou_shore_b, serial_bayou_lagoon_a,
          skrybe_limestone_x, minivault_26
D:4:      layout_basic, ashenzari_altar_1, minmay_temple_entry_gardened_gates
Temple:   zaba_magenta_temple

Skill      XL: |  1  2  3  4 |
---------------+-------------+-----
Transmutations | 3 4 |  4.7
Poison Magic   | 1 2 |  2.8
Fighting       | |  1.1
Dodging        | |  1.7
Unarmed Combat | |  3.0
Spellcasting   | |  2.0

Action                   |  1- 3 |  4- 6 || total
-------------------------+-------+-------++-------
Melee: Unarmed           |   149 |   128 ||   277
       Kick              |    12 |    13 ||    25
       Tailslap          |    13 |    16 ||    29
       Punch             |     1 |       ||     1
       Headbutt          |     5 |     8 ||    13
 Cast: Beastly Appendage |    23 |    23 ||    46
       Spider Form       |       |     1 ||     1
  Use: Scroll            |     3 |     9 ||    12
 Stab: Sleeping          |     3 |       ||     3
  Eat: Chunk             |     5 |     7 ||    12
Armor: Skin              |    26 |    29 ||    55
Dodge: Dodged            |   112 |    84 ||   196

Table legend:
 A = Non-vault XP
 B = Vault XP
 C = Vault XP percentage of total XP
 D = Non-vault monster count
 E = Vault monster count
 F = Vault count percentage of total count
                 A         B        C        D         E       F
            +---------+---------+-------+---------+---------+-------
      Total |     272 |       0 |   0.0 |      88 |       0 |   0.0
            +---------+---------+-------+---------+---------+-------
        D:1 |      69 |       0 |   0.0 |      34 |       0 |   0.0
        D:2 |      38 |       0 |   0.0 |      17 |       0 |   0.0
        D:3 |      69 |       0 |   0.0 |      24 |       0 |   0.0
        D:4 |      96 |       0 |   0.0 |      13 |       0 |   0.0
            +---------+---------+-------+---------+---------+-------
